 Dungeon Crawl Stone Soup version 0.19.5 (webtiles) character file.

76451 Jerry the Fencer (level 15, 0/126 HPs)
             Began as a Minotaur Fighter on Apr 3, 2017.
             Was a High Priest of Okawaru.
             Slain by a shambling mangrove (14 damage)
             ... on level 4 of the Lair of Beasts.
             The game lasted 01:24:10 (23446 turns).

Jerry the Fencer (Minotaur Fighter)                Turns: 23446, Time: 01:24:11

Health: 0/126      AC: 38    Str: 27    XL:     15   Next: 12%
Magic:  16/20      EV: 14    Int:  8    God:    Okawaru [*****.]
Gold:   1116       SH:  0    Dex: 15    Spells: 3 memorised, 10 levels left

rFire  . . .     SeeInvis .     W - +4 great sword (holy)
rCold  . . .     Gourm    .     x - +9 plate armour of Nuunom {rN++ MR+ rCorr Str+4}
rNeg   + + .     Faith    .     (shield currently unavailable)
rPois  +         Spirit   .     (helmet unavailable)
rElec  +         Reflect  .     B - +3 cloak of the Lute {Dex+4}
rCorr  +         Harm     .     O - +1 pair of gloves of Istravuqa {-Cast rElec rPois MR++}
MR     +++++     NoCast   +     b - +2 pair of boots {Fly}
Stlth  ..........               V - amulet of regeneration
                                i - +5 ring of evasion
                                J - +2 ring of slaying

@: about to teleport, heroism, finesse, grasped by roots, very slow
A: retaliatory headbutt, horns 3, iridescent scales 1, thin metallic scales 1,
blink, clumsy 1, deformed body, frail 1, magic resistance 1, sense surroundings
1, strong 1, subdued magic 1
a: Blink, Heroism, Finesse, Renounce Religion, Evoke Flight


You were on level 4 of the Lair of Beasts.
You worshipped Okawaru.
Okawaru was extremely pleased with you.
You were very hungry.

You visited 4 branches of the dungeon, and saw 23 of its levels.
You visited 1 bazaar.

You collected 1692 gold pieces.
You spent 576 gold pieces at shops.

Inventory:

Hand Weapons
 d - a +4 scimitar of freezing
 H - a +3 scimitar of flaming
 W - a +4 great sword of holy wrath (weapon)
Missiles
 Q - 6 javelins (quivered)
Armour
 b - a +2 pair of boots of flying (worn)
 x - the +9 plate armour of Nuunom (worn) {rN++ MR+ rCorr Str+4}
   (You bought it in a shop in a bazaar)

   It affects your strength (+4).
   It greatly protects you from negative energy.
   It affects your resistance to hostile enchantments.
   It protects you from acid and corrosion.
 B - the +3 cloak of the Lute (worn) {Dex+4}
   (You found it on level 14 of the Dungeon)

   It affects your dexterity (+4).
 O - the +1 pair of gloves of Istravuqa (worn) {-Cast rElec rPois MR++}
   (Okawaru gifted it to you on level 6 of the Lair of Beasts)

   It insulates you from electricity.
   It protects you from poison.
   It affects your resistance to hostile enchantments.
   It prevents spellcasting.
Jewellery
 i - a +5 ring of evasion (right hand)
 q - an uncursed ring of see invisible
 J - a +2 ring of slaying (left hand)
 V - an amulet of regeneration (around neck)
Wands
 z - a wand of digging (24/24)
Scrolls
 m - 7 scrolls of enchant armour
 n - 6 scrolls of amnesia
 p - 14 scrolls of remove curse
 y - 5 scrolls of enchant weapon
 G - 7 scrolls of teleportation
 X - a scroll of identify
Potions
 a - a potion of might
 e - 3 potions of berserk rage
 g - a potion of beneficial mutation
 j - 3 potions of agility
 k - 3 potions of heal wounds
 o - 3 potions of flight
 r - a potion of brilliance
 s - 2 potions of cure mutation
 t - 7 potions of curing
 A - 3 potions of lignification
 E - 6 potions of magic
 I - 4 potions of haste
 L - a potion of cancellation {unknown}
 S - 3 potions of degeneration {unknown}
 T - 4 potions of mutation {unknown}
Comestibles
 f - 10 bread rations
 h - 9 meat rations
 l - 9 beef jerkies
 w - 10 slices of pizza
 D - 10 fruits
 P - a royal jelly


   Skills:
 + Level 15.4(20.4) Fighting
 + Level 19.4(24.4) Long Blades
 + Level 15.0(20.0) Armour
 + Level 7.0(12.0) Dodging
   Level 3.6(8.6) Shields
 - Level 8.0 Invocations


You had 10 spell levels left.
You knew the following spells:

 Your Spells              Type           Power        Failure   Level  Hunger
a - Passwall              Tmut/Erth      #.........   100%        2    ###....
b - Animate Skeleton      Necr           N/A          99%         1    ##.....
c - Apportation           Tloc           #.........   99%         1    ##.....


Dungeon Overview and Level Annotations

Branches:
Dungeon (15/15)            Temple (1/1) D:7            Lair (6/6) D:10
  Swamp (1/4) Lair:4       Spider (0/4) Lair:4        Slime (0/5) Lair:6
    Orc (0/2) D:9          Vaults (0/5) D:14         Depths (0/5) D:15

Altars:
Ashenzari
Cheibriados
Dithmenos
Elyvilon
Fedhas
Gozag
Hepliaklqana
Kikubaaqudgha
Makhleb
Nemelex Xobeh
Okawaru
Qazlal
Ru
Sif Muna
Trog
Uskayaw
Vehumet
Xom
Yredelemnul
Zin
The Shining One
Beogh
Jiyva

Shops:
D:9 %   D:12 }

Annotations:
D:11 exclusion: ice statue
Lair:4 Kirke


Innate Abilities, Weirdness & Mutations

You reflexively headbutt those who attack you in melee.
You have a pair of large horns on your head.
You are partially covered in iridescent scales. (AC +2)
You are partially covered in thin metallic scales. (AC +2)
You can translocate small distances at will.
You are clumsy. (Dex -2)
Armour fits poorly on your strangely shaped body.
You are frail. (-10% HP)
You are resistant to hostile enchantments. (MR+)
You passively map a small area around you.
Your muscles are strong. (Str +2)
Your spells are a little easier to cast, but a little less powerful.


Message History

There is a staircase to the Swamp here.
As you read the scroll of fear, it crumbles to dust.
You assume a fearsome visage.
The shambling mangrove is unaffected.
The five-headed hydra looks frightened!
Kirke resists with almost no effort.
The hog looks frightened!
Roots rise up from beneath you and drag you back to the ground.
Kirke casts a spell at you. You resist with almost no effort.
The shambling mangrove hits you.
* * * LOW HITPOINT WARNING * * *
As you read the scroll of teleportation, it crumbles to dust.
You feel strangely unstable. Kirke closely misses you. You furiously retaliate!
You headbutt Kirke!!
You riposte.
You slash Kirke!
Kirke is moderately wounded.
You enter the shallow water.
Moving in this stuff is going to be slow.
A root reaches out and grasps at passing movement.
Kirke throws some weird powder.
Kirke casts a spell.
Kirke summons a manticore!
The shambling mangrove hits you!
You die...

#...### ##..### #....# ##...#
#...## #...#.♣♣♣....# #...##
#....# ##...♣.♣♣♣..## #....#
.....### #..♣♣♣♣♣≈♣.## #...P#
#...##.###.♣♣♣≈≈≈♣♣..##### ##...#
#...#.#..#.♣♣.§§§§♣≈..##.###...##
...........♣≈§§§§§≈h♣............
...........≈≈§@fH§≈≈.............
...........≈≈§≈§@§≈♣♣............
...........♣♣≈≈≈≈≈♣≈♣.#.#.......#
............♣♣≈≈≈♣♣♣#######....##
............♣♣≈♣♣≈♣ #...P.#
.............♣♣.♣.♣ ##......
...............#..########.......
.................................
...(.....................>.......
.................................


You could see Kirke, a shambling mangrove, a manticore and a hog (fleeing).

Vanquished Creatures
  Rupert (D:13)
  The ghost of dze the Destroyer, an adept NaWz of Vehumet (D:15)
  Roxanne (Swamp:1)
  Nessos (D:12)
  2 ice dragons (D:15)
  A vault guard (D:14)
  5 hydras
  A rakshasa (D:14)
  A catoblepas (D:13)
  Fannar (D:12)
  Harold (Lair:3)
  A hell beast (D:13)
  4 centaur warriors
  2 tengu warriors (D:13)
  Sonja (D:13)
  The ghost of send the Spear-Bearer, a novice HOBe of Trog (D:8)
  A deep elf knight (D:14)
  A fire crab (Lair:6)
  An unseen horror (D:11)
  Pikel (D:7)
  8 hill giants
  A wolf spider zombie (D:15)
  12 ugly things
  A cyclops (D:10)
  A rust devil (D:13)
  Joseph (D:10)
  A black mamba (Lair:6)
  An orange demon (D:13)
  2 gargoyles
  11 spiny frogs
  An efreet (D:15)
  A kobold demonologist (D:13)
  A yaktaur (D:15)
  2 ice devils (D:14)
  8 komodo dragons
  4 trolls
  2 polar bears (Lair:6)
  4 hornets (Lair:6)
  A blink frog (shapeshifter) (D:14)
  18 hippogriffs
  27 blink frogs
  A spriggan (shapeshifter) (D:14)
  14 spriggans (Lair:6)
  A shadow (D:11)
  A wraith (D:14)
  3 redbacks
  3 basilisks
  2 hungry ghosts
  A vampire (D:11)
  Eustachio (D:4)
  8 wyverns
  4 hogs (D:7)
  28 yaks
  A human (D:7)
  3 mottled dragons
  14 vampire mosquitoes
  11 water moccasins
  Duvessa (D:7)
  8 porcupines
  A swamp drake (D:10)
  2 necrophages
  2 phantoms
  3 ice beasts
  3 sky beasts
  A hornet zombie (D:12)
  7 orc warriors
  A slave (D:7)
  5 black bears
  4 ogres
  3 eyes of draining (D:13)
  The ghost of Goboxel the Skirmisher, an amateur DsAK of Lugonu (D:3)
  32 wolves
  6 centaurs
  3 boggarts (Lair:6)
  10 crocodiles
  19 bullfrogs
  Dowan (D:7)
  A wyvern zombie (D:10)
  5 scorpions
  4 killer bees (D:11)
  11 wights
  5 howler monkeys
  4 electric eels
  5 crimson imps
  5 jellies
  3 bullfrog zombies
  7 orc priests
  11 hounds
  5 centaur skeletons
  A gnoll shaman (D:4)
  7 iron imps (D:13)
  13 orc wizards
  2 bullfrog skeletons
  4 hell rats (Lair:6)
  5 iguanas (D:10)
  6 worker ants
  A killer bee zombie (D:7)
  A hound zombie (D:8)
  A hound skeleton (D:5)
  2 worker ant zombies
  7 gnolls
  11 adders
  5 shadow imps
  A white imp (D:14)
  4 ufetubi (D:14)
  An ooze (D:1)
  An adder zombie (D:5)
  3 worms
  5 dart slugs
  5 leopard geckos
  40 orcs
  2 ball pythons
  5 giant cockroaches
  5 goblins
  8 hobgoblins
  3 jackals (D:11)
  5 quokkas
  7 bats
  6 frilled lizards
  6 kobolds
  2 rats
  A plant (Lair:2)
588 creatures vanquished.

Vanquished Creatures (others)
  A hill giant (D:13)
  A troll (D:13)
  An orc warrior (D:13)
  3 howler monkeys (D:13)
  An orc priest (D:13)
  An orc wizard (D:13)
  An orc (D:13)
  A giant cockroach (D:7)
  32 fungi
  30 plants
72 creatures vanquished.

Grand Total: 660 creatures vanquished

Notes
Turn   | Place    | Note
-------+----------+-------------------------------------------
     0 | D:1      | Jerry the Minotaur Fighter began the quest for the Orb.
     0 | D:1      | Reached XP level 1. HP: 19/19 MP: 0/0
   147 | D:1      | Reached XP level 2. HP: 15/27 MP: 1/1
   341 | D:1      | Reached skill level 3 in Long Blades
   399 | D:1      | Reached XP level 3. HP: 28/33 MP: 2/2
   905 | D:2      | Found a shadowy altar of Dithmenos.
  1791 | D:3      | Noticed Goboxel's ghost (amateur DsAK)
  1797 | D:3      | Killed Goboxel's ghost
  1797 | D:3      | Reached skill level 4 in Long Blades
  1797 | D:3      | Reached XP level 4. HP: 41/41 MP: 3/3
  1797 | D:3      | Reached XP level 5. HP: 47/47 MP: 4/4
  2265 | D:4      | Reached skill level 5 in Fighting
  2265 | D:4      | Reached skill level 5 in Long Blades
  2265 | D:4      | Reached skill level 5 in Armour
  2307 | D:4      | Reached XP level 6. HP: 27/56 MP: 2/5
  2657 | D:4      | Reached skill level 6 in Long Blades
  2791 | D:4      | Noticed Eustachio
  2812 | D:4      | Killed Eustachio
  2812 | D:4      | Reached XP level 7. HP: 25/62 MP: 4/6
  3373 | D:4      | Found a sparkling altar of Nemelex Xobeh.
  3413 | D:4      | Reached skill level 7 in Long Blades
  3695 | D:5      | Entered Level 5 of the Dungeon
  4166 | D:5      | Reached skill level 8 in Long Blades
  4166 | D:5      | Reached XP level 8. HP: 65/71 MP: 5/7
  4394 | D:5      | Found a sacrificial altar of Ru.
  5052 | D:6      | Reached skill level 9 in Long Blades
  5586 | D:7      | Noticed a hippogriff
  5593 | D:7      | Killed a hippogriff
  5614 | D:7      | Noticed Pikel
  5629 | D:7      | Killed Pikel
  5629 | D:7      | Reached skill level 10 in Long Blades
  5629 | D:7      | Reached XP level 9. HP: 61/81 MP: 8/8
  5801 | D:7      | Reached skill level 11 in Long Blades
  6257 | D:7      | Noticed Dowan
  6258 | D:7      | Noticed Duvessa
  6274 | D:7      | Killed Duvessa
  6292 | D:7      | Killed Dowan
  6624 | D:7      | Found a staircase to the Ecumenical Temple.
  6633 | Temple   | Entered the Ecumenical Temple
  6721 | Temple   | Became a worshipper of Warmaster Okawaru
  7114 | D:8      | Noticed send's ghost (novice HOBe)
  7132 | D:8      | Killed send's ghost
  7132 | D:8      | Reached * piety under Okawaru
  7132 | D:8      | Reached skill level 12 in Long Blades
  7132 | D:8      | Reached skill level 1 in Invocations
  7132 | D:8      | Reached XP level 10. HP: 59/91 MP: 7/10
  7310 | D:8      | Found an opulent altar of Gozag.
  7399 | D:8      | Found a deep blue altar of Sif Muna.
  7417 | D:8      | Found a shimmering altar of Xom.
  7800 | D:8      | Found a glowing golden altar of the Shining One.
  8084 | D:9      | Found Deffeqacve's Food Emporium.
  8194 | D:9      | Found an iron altar of Okawaru.
  8225 | D:9      | Gained mutation: Your spells are a little easier to cast, but a little less powerful. [mutagenic meat]
  8226 | D:9      | Gained mutation: You passively map a small area around you. [mutagenic meat]
  8227 | D:9      | Gained mutation: You can translocate small distances at will. [mutagenic meat]
  8228 | D:9      | Gained mutation: You have a pair of large horns on your head. [mutagenic meat]
  8229 | D:9      | Gained mutation: You are partially covered in iridescent scales. (AC +2) [mutagenic meat]
  8471 | D:9      | Found a staircase to the Orcish Mines.
  8475 | D:9      | Found a roughly hewn altar of Beogh.
  8486 | D:9      | Reached ** piety under Okawaru
  8761 | D:10     | Entered Level 10 of the Dungeon
  8967 | D:10     | Noticed a hill giant
  8974 | D:10     | Killed a hill giant
  8974 | D:10     | Reached skill level 10 in Fighting
  8974 | D:10     | Reached skill level 13 in Long Blades
  8974 | D:10     | Reached skill level 10 in Armour
  8998 | D:10     | Noticed Joseph
  9020 | D:10     | Killed Joseph
  9139 | D:10     | Noticed a hill giant
  9147 | D:10     | Killed a hill giant
  9147 | D:10     | Reached *** piety under Okawaru
  9312 | D:10     | Got a polished flail
  9347 | D:10     | Identified the +3 flail "Nidul" {vamp, SInv} (You found it on level 10 of the Dungeon)
  9367 | D:10     | Noticed a hill giant
  9373 | D:10     | Killed a hill giant
  9373 | D:10     | Reached XP level 11. HP: 101/101 MP: 10/13
 10026 | D:10     | Reached **** piety under Okawaru
 10194 | D:10     | Found a staircase to the Lair.
 10604 | Lair:1   | Entered Level 1 of the Lair of Beasts
 10609 | Lair:1   | Reached skill level 14 in Long Blades
 10922 | Lair:1   | Reached skill level 5 in Invocations
 11468 | Lair:1   | Reached ***** piety under Okawaru
 13032 | Lair:3   | Noticed a seven-headed hydra
 13042 | Lair:3   | Killed a seven-headed hydra
 13042 | Lair:3   | Received a gift from Okawaru
 13042 | Lair:3   | Reached skill level 15 in Long Blades
 13043 | Lair:3   | Got a jewelled scale mail {god gift}
 13169 | Lair:3   | Identified the +0 scale mail "Gisa" {Int+3} (Okawaru gifted it to you on level 3 of the Lair of Beasts)
 13367 | Lair:3   | Noticed Harold
 13387 | Lair:3   | Killed Harold
 13387 | Lair:3   | Reached XP level 12. HP: 82/110 MP: 10/15
 13928 | Lair:4   | Found a staircase to the Swamp.
 14122 | Lair:4   | Found a hole to the Spider Nest.
 14897 | Lair:5   | Reached skill level 16 in Long Blades
 14978 | Lair:5   | Noticed a four-headed hydra
 14980 | Lair:5   | Found a labyrinth entrance.
 14986 | Lair:5   | Killed a four-headed hydra
 14986 | Lair:5   | Received a gift from Okawaru
 15457 | Lair:6   | Entered Level 6 of the Lair of Beasts
 16044 | Lair:6   | Noticed a five-headed hydra
 16449 | Lair:6   | Received a gift from Okawaru
 16463 | Lair:6   | Reached XP level 13. HP: 74/119 MP: 11/17
 16469 | Lair:6   | Got a pair of bloodstained gloves {god gift}
 16481 | Lair:6   | Identified the +1 pair of gloves of Istravuqa {-Cast rElec rPois MR++} (Okawaru gifted it to you on level 6 of the Lair of Beasts)
 16641 | Lair:6   | Reached skill level 17 in Long Blades
 17890 | Lair:6   | Found a staircase to the Slime Pits.
 17890 | Lair:6   | Found a viscous altar of Jiyva.
 17940 | Lair:6   | Reached ****** piety under Okawaru
 18334 | Lair:6   | Reached skill level 18 in Long Blades
 18596 | D:11     | Received a gift from Okawaru
 18599 | D:11     | Got a warped fustibalus {god gift}
 18600 | D:11     | Identified the +6 fustibalus "Lurom" {freeze, Str+6} (Okawaru gifted it to you on level 11 of the Dungeon)
 18624 | D:11     | Learned a level 2 spell: Passwall
 18635 | D:11     | Learned a level 1 spell: Animate Skeleton
 18637 | D:11     | Learned a level 1 spell: Apportation
 18856 | D:11     | Reached skill level 1 in Dodging
 19423 | D:12     | Noticed Nessos
 19454 | D:11     | HP: 6/123 [poisoned by Nessos]
 19460 | D:11     | HP: 6/123 [poisoned by Nessos]
 19728 | D:12     | Killed Nessos
 19849 | D:12     | Found Obliveso's Gadget Shop.
 19873 | D:12     | Noticed Fannar
 19887 | D:12     | Killed Fannar
 19888 | D:12     | Reached XP level 14. HP: 130/132 MP: 11/19
 20216 | D:12     | Gained mutation: You are resistant to hostile enchantments. (MR+) [mutagenic meat]
 20217 | D:12     | Gained mutation: Armour fits poorly on your strangely shaped body. [mutagenic meat]
 20439 | D:13     | Noticed Sonja
 20477 | D:13     | Killed Sonja
 20477 | D:13     | Received a gift from Okawaru
 20616 | D:13     | Found a burning altar of Makhleb.
 20727 | D:13     | Found a flickering gateway to a bazaar.
 20736 | Bazaar   | Entered a bazaar
 20740 | Bazaar   | Found Vilimp's Antique Armour Boutique.
 20759 | Bazaar   | Found Nanoh's Antique Weapon Emporium.
 20776 | Bazaar   | Found Poirez's Antique Weapon Boutique.
 20793 | Bazaar   | Found Icarareb's Antique Armour Shoppe.
 20815 | Bazaar   | Bought a jewelled plate armour for 336 gold pieces
 20815 | Bazaar   | Bought a pair of runed boots for 126 gold pieces
 20815 | Bazaar   | Bought an encrusted large shield for 114 gold pieces
 20815 | Bazaar   | Identified the +9 plate armour of Nuunom {rN++ MR+ rCorr Str+4} (You bought it in a shop in a bazaar)
 20839 | Bazaar   | Identified the +0 large shield "Wetyil" {rCorr} (You bought it in a shop in a bazaar)
 20907 | D:13     | Got a crude scale mail
 21069 | D:13     | Noticed Rupert
 21098 | D:13     | Killed Rupert
 21219 | D:13     | Identified the +4 scale mail "Fomahiecs" {*Drain rPois Str+2 Int+3} (You found it on level 13 of the Dungeon)
 21366 | D:14     | Got a spiked cloak
 21392 | D:14     | Identified the +3 cloak of the Lute {Dex+4} (You found it on level 14 of the Dungeon)
 21529 | D:14     | Reached skill level 5 in Dodging
 21536 | D:14     | Received a gift from Okawaru
 21571 | D:14     | Found a gate to the Vaults.
 21652 | D:14     | Reached skill level 19 in Long Blades
 21676 | D:14     | Gained mutation: Your muscles are strong. (Str +2) [mutagenic meat]
 21677 | D:14     | Gained mutation: You are partially covered in thin metallic scales. (AC +2) [mutagenic meat]
 21961 | D:14     | Found a frozen archway.
 22022 | D:15     | Entered Level 15 of the Dungeon
 22060 | D:15     | Found a white marble altar of Elyvilon.
 22068 | D:15     | Reached skill level 15 in Fighting
 22219 | D:15     | Gained mutation: You are clumsy. (Dex -2) [mutagenic meat]
 22221 | D:15     | Gained mutation: You are frail. (-10% HP) [mutagenic meat]
 22407 | D:15     | Noticed dze's ghost (adept NaWz)
 22416 | D:15     | Killed dze's ghost
 22704 | D:15     | Found a staircase to the Depths.
 22906 | D:15     | Reached XP level 15. HP: 126/126 MP: 20/20
 22923 | D:15     | Received a gift from Okawaru
 23419 | Swamp:1  | Entered Level 1 of the Swamp
 23419 | Swamp:1  | Noticed Roxanne
 23425 | Swamp:1  | Noticed Kirke
 23436 | Swamp:1  | Killed Roxanne
 23436 | Swamp:1  | Reached skill level 15 in Armour
 23446 | Lair:4   | Slain by a shambling mangrove

Skill      XL: |  1  2  3  4  5  6  7  8  9 10 11 12 13 14 15 |
---------------+----------------------------------------------+-----
Fighting       | 4 5 6 8 9 10 11 12 14 15 | 15.4
Long Blades    | 3 4 5 6 8 10 12 13 15 16 18 19 | 19.4
Armour         | 4 5 6 8 9 10 11 12 13 14 15 | 15.0
Invocations    | 1 4 6 8 |  8.0
Dodging        | 2 6 7 |  7.0
Shields        | |  3.6

Action                   |  1- 3 |  4- 6 |  7- 9 | 10-12 | 13-15 || total
-------------------------+-------+-------+-------+-------+-------++-------
Melee: Long sword        |    91 |    89 |       |       |       ||   180
       Headbutt          |    19 |    22 |    46 |   137 |   208 ||   432
       Dagger            |    10 |    13 |    35 |       |       ||    58
       Rapier            |       |       |   216 |   618 |   325 ||  1159
       Punch             |       |       |       |     2 |     4 ||     6
       Great sword       |       |       |       |       |   437 ||   437
       Scimitar          |       |       |       |       |    15 ||    15
Invok: Heroism           |       |       |       |    15 |    14 ||    29
       Finesse           |       |       |       |       |     6 ||     6
 Abil: Stop Flying       |       |       |       |       |     1 ||     1
       Evoke Flight      |       |       |       |       |     1 ||     1
Evoke: Wand              |       |       |     1 |     1 |     2 ||     4
  Use: Potion            |     1 |       |       |     2 |       ||     3
       Scroll            |       |       |    10 |    21 |    11 ||    42
  Eat: Chunk             |     2 |     4 |    14 |    36 |    34 ||    90
       Fruit             |       |       |       |     1 |       ||     1
Armor: Scale mail        |    40 |       |       |       |       ||    40
       Chain mail        |     3 |    53 |   109 |       |       ||   165
       Plate armour      |       |       |    16 |   394 |   439 ||   849
Dodge: Dodged            |    46 |    34 |    57 |   158 |   350 ||   645
       Rpst.: Long sword |    13 |    13 |       |       |       ||    26
       Great sword       |       |       |       |       |    56 ||    56
       Scimitar          |       |       |       |       |     2 ||     2
